 Dungeon Crawl Stone Soup version 0.26-a0-667-g92642533e4 (webtiles) character file.

Game seed: 14087201013582735792

102 somkeydreadnuts the Shield-Bearer (level 4, -8/40 HPs)
             Began as a Minotaur Fighter on Oct 18, 2020.
             Killed by divine providence
             ... invoked by an orc priest
              (13 damage)
             ... on level 3 of the Dungeon.
             The game lasted 00:03:19 (1440 turns).

somkeydreadnuts the Shield-Bearer (MiFi)            Turns: 1440, Time: 00:03:19

Health: -8/40      AC:  7    Str: 21    XL:     4   Next: 49%
Magic:  3/3        EV:  8    Int:  5    God:
Gold:   69         SH:  9    Dex: 10    Spells: 3/3 levels left

rFire    . . .     SeeInvis .   a - +0 war axe
rCold    . . .     Faith    .   c - +0 kite shield
rNeg     . . .     Spirit   .   b - +0 scale mail
rPois    .         Reflect  .   (helmet restricted)
rElec    .         Harm     .   (no cloak)
rCorr    .         Rampage  .   (no gloves)
MR       .....                  (no boots)
Stlth    ..........             (no amulet)
HPRegen  0.13/turn              (no ring)
MPRegen  0.08/turn              (no ring)

@: no status effects
A: retaliatory headbutt, horns 2
a: no special abilities


You were on level 3 of the Dungeon.
You visited 1 branch of the dungeon, and saw 3 of its levels.

You collected 69 gold pieces.

Inventory:

Hand Weapons
 a - a +0 war axe (weapon)
Armour
 b - a +0 scale mail (worn)
 c - a +0 kite shield (worn)
Jewellery
 j - a cursed amulet of inaccuracy {unknown}
Scrolls
 e - a scroll of fog {unknown}
 f - 4 scrolls of identify {unknown}
 g - a scroll of enchant weapon {unknown}
 h - 2 scrolls of remove curse {unknown}
 i - 2 scrolls of teleportation {unknown}
Potions
 d - 2 potions of might


   Skills:
 + Level 4.2 Fighting
 + Level 3.8 Axes
 + Level 4.2 Armour
 + Level 1.1 Dodging
 + Level 4.4 Shields


You had 3 spell levels left.
You didn't know any spells.
Your spell library was empty.

Dungeon Overview and Level Annotations

Branches:
Dungeon (3/15)

Altars:
Yredelemnul


Innate Abilities, Weirdness & Mutations

You reflexively headbutt those who attack you in melee.
You have a pair of horns on your head.


Message History

Something hits you. The orc wizard barely misses you.
The orc hits you but does no damage.
You closely miss the orc wizard. You headbutt the orc wizard.
The orc wizard is almost dead.
You closely miss something. You barely miss the orc.
The orc wizard hits you but does no damage.
Something hits you but does no damage. You block the orc's attack.
The orc wizard points at you and mumbles some strange words.
The magic dart hits you! Something hits you.
* * * LOW HITPOINT WARNING * * *
You closely miss the orc wizard. You headbutt the orc wizard.
You kill the orc wizard!
Your Dodging skill increases to level 1!
You miss something. You hit the orc. The orc completely misses you.
Something hits you but does no damage. The orc hits you with a +0 flail.
* * * LOW HITPOINT WARNING * * *
You block the orc's attack.
The orc priest calls down the wrath of Beogh upon you.
Beogh smites you!
You die...

#.###...#
########+#.......#
...........####.>#.
...........'.......
.........########
..............)
##w####........
####..##o........
#.....)@oo.......
#.####{####......
#.##.....##......
#.#.......#......
#.#.......#......
#....._......####
#.#.......#..#
#.#.......#..#
#.##(....##..#


You could see a worm, an orc priest and 2 orcs.

Vanquished Creatures
  An orc wizard (D:3)
  3 adders
  A dart slug (D:1)
  3 leopard geckos (D:2)
  An orc (D:3)
  2 giant cockroaches
  5 goblins
  3 hobgoblins
  6 kobolds
  A ball python (D:2)
  6 bats
  2 frilled lizards (D:2)
  9 rats
43 creatures vanquished.

Notes
Turn   | Place    | Note
-------+----------+-------------------------------------------
     0 | D:1      | somkeydreadnuts the Minotaur Fighter began the quest for
                  | the Orb.
     0 | D:1      | Reached XP level 1. HP: 19/19 MP: 0/0
   176 | D:1      | Reached XP level 2. HP: 27/27 MP: 1/1
   770 | D:2      | Reached XP level 3. HP: 30/33 MP: 2/2
  1359 | D:3      | Reached XP level 4. HP: 34/40 MP: 3/3
  1360 | D:3      | Found a basalt altar of Yredelemnul.
  1440 | D:3      | Reached skill level 1 in Dodging
  1440 | D:3      | Killed from afar by an orc priest

Illustrated notes

Levels and vault maps discovered:
D:1:      lightli_arrival_isolated_outpost, layout_loops_ring
D:2:      layout_rooms, kennysheep_generic_room_4
D:3:      layout_basic, old_standard_altar

Skill      XL: |  1  2  3  4 |
---------------+-------------+-----
Fighting       | 4 |  4.2
Axes           | 3 |  3.8
Shields        | 4 |  4.4
Armour         | 4 |  4.2
Dodging        | 1 |  1.1

Action                   |  1- 3 |  4- 6 || total
-------------------------+-------+-------++-------
Melee: War axe           |   122 |    12 ||   134
       Headbutt          |     6 |     2 ||     8
Armor: Scale mail        |    70 |     7 ||    77
Dodge: Dodged            |    33 |     2 ||    35
Block: Kite shield       |    89 |    10 ||    99

Table legend: (Time is in decaauts)
 A = Elapsed time spent in this place.
 B = Non-inter-level travel time spent in this place.
 C = Inter-level travel time spent in this place.
 D = Time resting spent in this place.
 E = Time spent auto-exploring this place.
 F = Levels seen in this place.
 G = Mean time per level.
                   A        B        C        D        E       F      G
               +--------+--------+--------+--------+--------+-----+--------+
         Total |   1499 |   1499 |      0 |      0 |    941 |   3 |  499.7 |
       Dungeon |   1499 |   1499 |      0 |      0 |    941 |   3 |  499.7 |
               +--------+--------+--------+--------+--------+-----+--------+

Top non-repeatable levels by time:
     D:1: 785 daAuts
     D:2: 595 daAuts
     D:3: 118 daAuts
